 Dungeon Crawl Stone Soup version 0.25-a0-1113-g0499d652a8 (webtiles) character file.

Game seed: 5182757334623223196, levelgen mode: deterministic

4476 Esekla the Thaumaturge (level 10, 0/63 HPs)
             Began as an Octopode Wizard on May 16, 2020.
             Was a Priest of Qazlal.
             Slain by a wyvern (17 damage)
             ... on level 9 of the Dungeon.
             The game lasted 01:34:23 (10591 turns).

Esekla the Thaumaturge (Octopode Wizard)           Turns: 10591, Time: 01:34:23

Health: 0/63       AC:  1    Str:  8      XL:     10   Next: 38%
Magic:  17/22      EV: 29    Int: 21      God:    Qazlal [***...]
Gold:   477        SH:  4    Dex: 10 (12) Spells: 14/25 levels left

rFire    . . .     SeeInvis .   C - +0 long sword
rCold    . . .     Gourm    .   (no shield)
rNeg     . . .     Faith    .   a - +0 hat
rPois    .         Spirit   .   n - amulet of the acrobat
rElec    .         Reflect  .   e - ring of flight
rCorr    .         Harm     .   (no ring)
MR       .....                  (no ring)
Stlth    ++........             (no ring)
HPRegen  0.20/turn              (no ring)
MPRegen  0.18/turn              (no ring)
                                (no ring)
                                (no ring)

@: acrobat
A: almost no armour, stealthy swim, amphibious, 8 rings, constrict 8, camouflage
1, gelatinous body 1
a: Upheaval, Elemental Force, Renounce Religion, Evoke Flight


You were on level 9 of the Dungeon.
You worshipped Qazlal.
Qazlal was most pleased with you.
You were very hungry.

You visited 2 branches of the dungeon, and saw 11 of its levels.
You also visited: Bailey.

You collected 477 gold pieces.

Inventory:

Hand Weapons
 o - a +0 vampiric dagger
 C - a +0 long sword (weapon)
 G - a +0 trident
Missiles
 g - 16 poisoned darts (quivered)
 s - 7 boomerangs
Armour
 a - a +0 hat (worn)
 A - a +0 tower shield
Jewellery
 d - an uncursed amulet of magic regeneration
 e - a ring of flight (left tentacle)
 n - an amulet of the acrobat (around mantle)
 v - an uncursed amulet of guardian spirit
Wands
 E - a wand of polymorph (8)
Scrolls
 f - 4 scrolls of fear {unknown}
 i - 4 scrolls of remove curse {unknown}
 j - 4 scrolls of teleportation
 k - a scroll of amnesia {unknown}
 q - a scroll of immolation {unknown}
 t - a scroll of enchant weapon {unknown}
 u - a scroll of blinking {unknown}
 B - a scroll of magic mapping {unknown}
 D - a scroll of enchant armour {unknown}
Potions
 b - 2 potions of brilliance
 h - a potion of mutation
 l - 2 potions of haste
 m - a potion of cancellation {unknown}
 r - a potion of invisibility {unknown}
 x - a potion of stabbing
 z - a potion of heal wounds {unknown}
Comestibles
 c - 6 rations


   Skills:
 + Level 3.1 Fighting
 + Level 3.4 Long Blades
 + Level 3.7 Throwing
 + Level 3.2 Dodging
 - Level 2.6 Stealth
 + Level 0.5 Shields
 * Level 8.2 Spellcasting
 + Level 4.4 Conjurations
 + Level 1.7 Hexes
   Level 1.0 Summonings
 + Level 3.2 Translocations
 * Level 4.4 Fire Magic
 * Level 4.5 Air Magic
 * Level 5.5 Poison Magic


You had 14 spell levels left.
You knew the following spells:

 Your Spells              Type           Power        Failure   Level  Hunger
a - Apportation           Tloc           ###...       1%          1    None
b - Blink                 Tloc           N/A          3%          2    None
c - Mephitic Cloud        Conj/Pois/Air  ####....     3%          3    None
d - Magic Dart            Conj           ####         1%          1    None
f - Conjure Flame         Conj/Fire      ####....     3%          3    None
i - Corona                Hex            ###....      3%          1    None

Your spell library contained the following spells:

 Spells                   Type           Power        Failure   Level  Hunger
 Summon Small Mammal      Summ           ##..         5%          1    None
 Slow                     Hex            ###.....     6%          2    None
 Animate Skeleton         Necr           N/A          8%          1    None
 Call Imp                 Summ           ##......     8%          2    None


Dungeon Overview and Level Annotations

Branches:
Dungeon (10/15)            Temple (1/1) D:6          Bailey (visited)
   Lair: D:8-11         Orc: D:9-12

Altars:
Ashenzari
Cheibriados
Dithmenos
Elyvilon
Fedhas
Gozag
Hepliaklqana
Kikubaaqudgha
Makhleb
Nemelex Xobeh
Okawaru
Qazlal
Ru
Sif Muna
Trog
Uskayaw
Vehumet
Wu Jian
Xom
Yredelemnul
Zin
The Shining One

Shops:
D:7 %


Innate Abilities, Weirdness & Mutations

You cannot wear most types of armour.
You are very stealthy in the water. (Stealth+)
You are amphibious.
You can wear up to eight rings at the same time.
You can use your tentacles to constrict eight enemies at once.
Your skin changes colour to match your surroundings (Stealth+).
Your rubbery body absorbs attacks. (AC +1, EV +1)


Message History

* * * LOW HITPOINT WARNING * * *
Casting: Blink (safe; 3% risk of failure)
Confirm with . or Enter, or press ? or * to list all spells.
You blink.
Casting: Blink (safe; 3% risk of failure)
Confirm with . or Enter, or press ? or * to list all spells.
Okay, then.
Casting: Blink (safe; 3% risk of failure)
Confirm with . or Enter, or press ? or * to list all spells.
You blink.
Casting: Blink (safe; 3% risk of failure)
Confirm with . or Enter, or press ? or * to list all spells.
You blink.
You are feeling very hungry.
The phantom blinks!
The wyvern misses you.
The phantom blinks!
You block the wyvern's attack. The wyvern bites you!
You die...

## ###### . ......
# #.. ..## # #
#.###..##. #
#.#...... #
#.#.##.###### #
#.........5.#
########.W..####l#
...............#@#
..############.#.#
..### .#.# >...#
W#.# ###.# .#.#
... .... #.# ####
. .# h #


You could see a wyvern and a quasit.

Vanquished Creatures
  2 orc knights (Bailey)
  Maurice (D:8)
  A hippogriff (D:6)
  Sigmund (D:3)
  A hungry ghost (D:9)
  2 steam dragons (D:5)
  Edmund (D:6)
  Menkaure (D:6)
  A black bear (D:6)
  An ice beast (D:6)
  4 orc warriors (Bailey)
  4 ogres
  A centaur (D:7)
  3 bullfrogs
  A wyvern skeleton (D:7)
  A scorpion (D:6)
  3 killer bees (D:9)
  A howler monkey (D:4)
  4 crimson imps
  A hound (D:5)
  A jelly (D:7)
  7 orc priests
  A gnoll shaman (D:4)
  4 orc wizards
  4 worker ants
  2 iguanas
  A killer bee zombie (D:4)
  A hound skeleton (D:4)
  A hound zombie (D:6)
  9 gnolls
  8 adders
  4 shadow imps
  4 oozes
  An adder skeleton (D:4)
  2 worms (D:2)
  5 leopard geckos
  21 orcs
  11 giant cockroaches
  6 hobgoblins
  2 jackals (D:8)
  9 kobolds
  2 quokkas
  2 ball pythons
  A bat (D:3)
  7 frilled lizards
  2 gnoll zombies (D:5)
  3 goblins
  A jackal skeleton (D:5)
  8 rats
165 creatures vanquished.

Notes
Turn   | Place    | Note
-------+----------+-------------------------------------------
     0 | D:1      | Esekla the Octopode Wizard began the quest for the Orb.
     0 | D:1      | Reached XP level 1. HP: 11/11 MP: 4/4
   422 | D:2      | Found a shadowy altar of Dithmenos.
   422 | D:2      | Noticed a crimson imp
   845 | D:3      | Reached XP level 2. HP: 3/18 MP: 0/6
   940 | D:3      | Learned a level 2 spell: Blink
  1503 | D:3      | Noticed Sigmund
  1619 | D:4      | Reached XP level 3. HP: 14/22 MP: 1/8
  1624 | D:4      | Learned a level 3 spell: Mephitic Cloud
  1628 | D:4      | Learned a level 3 spell: Conjure Flame
  1644 | D:4      | Noticed an ogre
  1665 | D:5      | Entered Level 5 of the Dungeon
  1806 | D:5      | Reached skill level 4 in Spellcasting
  1806 | D:5      | Reached XP level 4. HP: 8/27 MP: 2/10
  2128 | D:6      | Reached skill level 1 in Fighting
  2225 | D:6      | Noticed Menkaure
  2295 | D:7      | Noticed a bullfrog
  2305 | D:7      | Killed a bullfrog
  2305 | D:7      | Reached skill level 1 in Poison Magic
  2305 | D:7      | Reached XP level 5. HP: 33/33 MP: 1/11
  2316 | D:7      | Noticed a hippogriff
  2385 | D:6      | Reached skill level 1 in Fire Magic
  2517 | D:6      | Noticed Edmund
  2566 | D:7      | Reached skill level 1 in Air Magic
  2566 | D:7      | Reached XP level 6. HP: 23/38 MP: 6/12
  2841 | D:7      | Found Birieriag's Food Boutique.
  2845 | D:7      | Found an iron altar of Okawaru.
  2845 | D:7      | Found a sparkling altar of Nemelex Xobeh.
  2846 | D:7      | Found a hide-covered altar of Uskayaw.
  3013 | D:6      | Noticed an ice beast
  3037 | D:6      | Found a staircase to the Ecumenical Temple.
  3045 | Temple   | Entered the Ecumenical Temple
  3103 | Temple   | Became a worshipper of Qazlal Stormbringer
  4306 | D:2      | Reached * piety under Qazlal
  4391 | D:2      | Learned a level 1 spell: Apportation
  4393 | D:2      | Learned a level 1 spell: Corona
  5275 | D:3      | Reached XP level 7. HP: 40/44 MP: 4/14
  5278 | D:3      | Reached skill level 1 in Long Blades
  5278 | D:3      | Reached skill level 5 in Spellcasting
  5658 | D:3      | Found a faded altar of an unknown god.
  5716 | D:3      | Killed Sigmund
  5716 | D:3      | Reached skill level 1 in Hexes
  5860 | D:4      | Reached ** piety under Qazlal
  5913 | D:4      | Reached XP level 8. HP: 50/51 MP: 1/16
  6801 | D:5      | Reached skill level 1 in Throwing
  7233 | D:5      | Reached skill level 6 in Spellcasting
  7299 | D:5      | Found a bloodstained altar of Trog.
  7345 | D:5      | Found a basalt altar of Yredelemnul.
  7794 | D:6      | Reached XP level 9. HP: 31/55 MP: 18/18
  7840 | D:6      | Reached *** piety under Qazlal
  7987 | D:6      | Killed Menkaure
  8290 | D:6      | Killed Edmund
  9003 | D:7      | Reached skill level 7 in Spellcasting
  9605 | D:8      | Noticed a two-headed ogre
  9671 | D:8      | Noticed Maurice
  9691 | D:8      | Killed Maurice
  9856 | D:9      | Found a flagged portal.
  9860 | D:9      | Noticed a two-headed ogre
  9872 | Bailey   | Entered a bailey
 10327 | Bailey   | Noticed an orc knight
 10327 | Bailey   | Noticed an orc knight
 10331 | Bailey   | Killed an orc knight
 10331 | Bailey   | Reached skill level 5 in Poison Magic
 10331 | Bailey   | Reached XP level 10. HP: 63/63 MP: 15/21
 10331 | Bailey   | Killed an orc knight
 10331 | Bailey   | Reached skill level 8 in Spellcasting
 10522 | D:10     | Entered Level 10 of the Dungeon
 10591 | D:9      | Slain by a wyvern

Illustrated notes

Levels and vault maps discovered:
D:1:      dpeg_arrival_pits, layout_basic, minmay_tree_intersection,
          roderic_lattice_a
D:2:      layout_loops_ring, nicolae_dithmenos_shadow_blocks
D:3:      layout_basic, chequers_ecumenical_altar_simple, minmay_checkerbox,
          uniq_sigmund
D:4:      layout_loops_ring, minmay_misc_feat_ornament
D:5:      kennysheep_steamy, layout_basic, bloody_trog,
          lemuel_zombie_altar_yredelemnul, first_ration
D:6:      layout_gridville, minmay_temple_entry_water_ring, uniq_menkaure,
          uniq_edmund
D:7:      layout_rooms, gammafunk_temple_overflow_claw, serial_shops, shop
D:8:      layout_basic, uniq_erica, uniq_maurice
D:9:      layout_basic, erik_lair_orcish_takeover, enter_bailey_2
D:10:     layout_loops_ring, minmay_orc_entry_temple_small, grunt_livestock
Temple:   eino_temple_rhombus

Skill      XL: |  1  2  3  4  5  6  7  8  9 10 |
---------------+-------------------------------+-----
Spellcasting   | 4 5 6 7 8 |  8.2
Fighting       | 1 2 3 |  3.1
Poison Magic   | 1 2 3 5 |  5.5
Fire Magic     | 1 2 3 4 |  4.4
Translocations | 2 3 |  3.2
Conjurations   | 2 3 4 |  4.4
Air Magic      | 1 3 4 |  4.5
Long Blades    | 1 2 3 |  3.4
Hexes          | 1 |  1.7
Throwing       | 2 3 |  3.7
Dodging        | 3 |  3.2
Stealth        | |  2.6
Shields        | |  0.5
Summonings     | |  1.0

Action                   |  1- 3 |  4- 6 |  7- 9 | 10-12 || total
-------------------------+-------+-------+-------+-------++-------
Melee: Unarmed           |    12 |     7 |     2 |       ||    21
       Constrict         |     6 |    26 |    54 |     1 ||    87
       Tentacles         |     2 |    14 |    30 |     2 ||    48
       Falchion          |       |    57 |   104 |       ||   161
       Long sword        |       |       |    68 |     2 ||    70
Throw: Dart              |     2 |    19 |   114 |     4 ||   139
       Boomerang         |       |       |    11 |       ||    11
 Cast: Magic Dart        |    34 |    90 |   119 |       ||   243
       Conjure Flame     |     1 |     3 |     3 |     1 ||     8
       Mephitic Cloud    |       |     9 |    23 |     6 ||    38
       Blink             |       |     2 |    15 |     9 ||    26
       Corona            |       |     1 |     1 |       ||     2
       Apportation       |       |       |     4 |       ||     4
  Use: Scroll            |       |     4 |     1 |     2 ||     7
       Potion            |       |       |     1 |     5 ||     6
 Stab: Sleeping          |       |     5 |       |       ||     5
       Distracted        |       |     1 |       |       ||     1
       Confused          |       |       |     4 |       ||     4
  Eat: Chunk             |     1 |     5 |    13 |       ||    19
       Ration            |       |     2 |     2 |       ||     4
Armor: Skin              |       |     6 |     7 |     3 ||    16
Dodge: Dodged            |    22 |    41 |   126 |    36 ||   225
Block: Other             |       |     1 |    24 |    11 ||    36
       Rpst.: Falchion   |       |    11 |    24 |       ||    35
       Long sword        |       |       |    10 |    15 ||    25

Table legend:
 A = Non-vault XP
 B = Vault XP
 C = Vault XP percentage of total XP
 D = Non-vault monster count
 E = Vault monster count
 F = Vault count percentage of total count
                 A         B        C        D         E       F
            +---------+---------+-------+---------+---------+-------
      Total |    3243 |    3152 |  49.3 |     137 |      28 |  17.0
            +---------+---------+-------+---------+---------+-------
        D:1 |      31 |       0 |   0.0 |      16 |       0 |   0.0
        D:2 |     104 |       0 |   0.0 |      21 |       0 |   0.0
        D:3 |     285 |     234 |  45.1 |      20 |       5 |  20.0
        D:4 |     442 |       0 |   0.0 |      20 |       0 |   0.0
        D:5 |     402 |     340 |  45.8 |      20 |       4 |  16.7
        D:6 |    1070 |     315 |  22.7 |      18 |       2 |  10.0
        D:7 |     565 |       0 |   0.0 |      15 |       0 |   0.0
        D:8 |       4 |     457 |  99.1 |       2 |       1 |  33.3
        D:9 |     340 |      73 |  17.7 |       5 |       3 |  37.5
     Bailey |       0 |    1733 | 100.0 |       0 |      13 | 100.0
            +---------+---------+-------+---------+---------+-------
